 Dungeon Crawl Stone Soup version 0.20.0-15-g7f486f2 (webtiles) character file.

166 Chiseanne the Magician (level 5, 27/35 HPs)
             Began as a Demonspawn Wizard on June 14, 2017.
             Quit the game on level 4 of the Dungeon.
             The game lasted 00:04:06 (3098 turns).

Chiseanne the Magician (Demonspawn Wizard)          Turns: 3098, Time: 00:04:07

Health: 27/35      AC:  4    Str:  7    XL:     5   Next: 22%
Magic:  3/11       EV: 12    Int: 20    God:
Gold:   55         SH:  0    Dex: 12    Spells: 3/12 levels left

rFire    . . .     SeeInvis .   h - +1 short sword
rCold    . . .     Gourm    .   (no shield)
rNeg     . . .     Faith    .   o - +0 leather armour
rPois    .         Spirit   .   b - +1 hat
rElec    .         Reflect  .   (no cloak)
rCorr    .         Harm     .   (no gloves)
MR       .....                  (no boots)
Stlth    ++........             (no amulet)
Regen    0.2/turn               (no ring)
MPRegen  0.2/turn               (no ring)

@: no status effects
A: talons 1, spiny 1, sturdy frame 1
a: no special abilities


You were on level 4 of the Dungeon.
You were hungry.

You visited 1 branch of the dungeon, and saw 4 of its levels.

You collected 55 gold pieces.

Inventory:

Hand Weapons
 h - a +1 short sword (weapon)
Missiles
 e - 113 stones (quivered)
 k - 21 arrows
 n - 21 sling bullets
Armour
 b - a +1 hat (worn)
 o - a +0 leather armour (worn)
Potions
 f - 2 potions of heal wounds {unknown}
Comestibles
 d - 2 bread rations


   Skills:
 - Level 1.7 Dodging
 - Level 1.7 Stealth
 * Level 4.4 Spellcasting
 * Level 3.7 Conjurations
   Level 1.0 Summonings
 - Level 0.8 Translocations


You had 3 spell levels left.
You knew the following spells:

 Your Spells              Type           Power        Failure   Level  Hunger
a - Magic Dart            Conj           ###.         3%          1    None
b - Blink                 Tloc           N/A          14%         2    #......
c - Conjure Flame         Conj/Fire      ##......     19%         3    ###....
d - Mephitic Cloud        Conj/Pois/Air  #.......     24%         3    ###....


Dungeon Overview and Level Annotations

Branches:
Dungeon (4/15)
 Temple: D:4-7

Altars:


Innate Abilities, Weirdness & Mutations

You have sharp toenails.
You are partially covered in sharp spines.
Your movements are slightly less encumbered by armour. (ER -2)


Message History

Casting: Magic Dart
Confirm with . or Enter, or press ? or * to list all spells.
Aiming: Magic Dart
Press: ? - help, Shift-Dir - straight line, f/p - worker ant
Aim: a worker ant (moderately wounded)
The magic dart hits the worker ant.
The worker ant is severely wounded.
The worker ant bites you.
Casting: Magic Dart
Confirm with . or Enter, or press ? or * to list all spells.
Aiming: Magic Dart
Press: ? - help, Shift-Dir - straight line, f/p - worker ant
Aim: a worker ant (severely wounded)
The magic dart hits the worker ant.
The worker ant is almost dead.
The worker ant closely misses you. The worker ant barely misses you.
You hit the worker ant.
You kill the worker ant!
Found a scroll of fog.
Are you sure you want to abandon this character and quit the game? (Confirm with "yes".)

............#
......####..##
... .........##
## ......#.#.##
#.#..##.##.#####
....% #.##.....#
#.... ..##.###.#
####..###.####.#
#..@........
#....<...##..##
#......#.# #
........#...
##.####?#.##. #.
#.#.# # . #.#.#
#.#


There were no monsters in sight!

Vanquished Creatures
  A hound (D:4)
  A worker ant (D:4)
  4 adders (D:2)
  An ooze (D:1)
  4 dart slugs
  2 leopard geckos (D:1)
  2 orcs (D:3)
  3 ball pythons (D:3)
  A giant cockroach (D:1)
  7 goblins
  7 hobgoblins
  2 quokkas (D:2)
  4 bats
  8 frilled lizards
  8 kobolds
  8 rats
63 creatures vanquished.

Notes
Turn   | Place    | Note
-------+----------+-------------------------------------------
     0 | D:1      | Chiseanne the Demonspawn Wizard began the quest for the Orb.
     0 | D:1      | Reached XP level 1. HP: 13/13 MP: 4/4
   609 | D:1      | Gained mutation: Your movements are slightly less encumbered by armour. (ER -2) [demonic ancestry]
   609 | D:1      | Reached XP level 2. HP: 19/19 MP: 3/6
  1294 | D:1      | Gained mutation: You are partially covered in sharp spines. [demonic ancestry]
  1294 | D:1      | Reached XP level 3. HP: 23/24 MP: 2/7
  2111 | D:2      | Reached XP level 4. HP: 30/30 MP: 4/9
  2249 | D:2      | Reached skill level 4 in Spellcasting
  3069 | D:4      | Learned a level 2 spell: Blink
  3073 | D:4      | Learned a level 3 spell: Conjure Flame
  3077 | D:4      | Learned a level 3 spell: Mephitic Cloud
  3090 | D:4      | Gained mutation: You have sharp toenails. [demonic ancestry]
  3090 | D:4      | Reached XP level 5. HP: 32/35 MP: 5/11
  3098 | D:4      | Quit the game

Skill      XL: |  1  2  3  4 |
---------------+-------------+-----
Conjurations   | 2 3 |  3.7
Spellcasting   | 4 |  4.4
Dodging        | |  1.7
Stealth        | |  1.7
Summonings     | |  1.0
Translocations | |  0.8

Action                   |  1- 3 |  4- 6 || total
-------------------------+-------+-------++-------
Melee: Unarmed           |    15 |       ||    15
       Short sword       |    45 |    49 ||    94
 Cast: Magic Dart        |    52 |    14 ||    66
  Use: Scroll            |       |     8 ||     8
 Stab: Sleeping          |     4 |     1 ||     5
  Eat: Chunk             |     4 |     2 ||     6
Armor: Robe              |     4 |       ||     4
       Leather armour    |     3 |    12 ||    15
Dodge: Dodged            |    38 |    51 ||    89
